 Dungeon Crawl Stone Soup version 0.24.0-13-gcf9b319 (webtiles) character file.

Game seed: 2529551663533690178, levelgen mode: deterministic

323 Fang the Shield-Bearer (level 6, -14/39 HPs)
             Began as a Gargoyle Fighter on Dec 20, 2019.
             Demolished by an ogre
             ... wielding a +0 giant spiked club
              (18 damage)
             ... on level 4 of the Dungeon.
             The game lasted 00:03:15 (2620 turns).

Fang the Shield-Bearer (Gargoyle Fighter)           Turns: 2620, Time: 00:03:16

Health: -14/39     AC: 11    Str: 21    XL:     6   Next: 47%
Magic:  15/15      EV:  7    Int:  9    God:
Gold:   171        SH:  9    Dex:  9    Spells: 5/5 levels left

rFire    . . .     SeeInvis .   a - +1 war axe
rCold    + . .     Gourm    .   B - +0 shield
rNeg     + . .     Faith    .   b - +0 scale mail
rPois    ∞         Spirit   .   (no helmet)
rElec    +         Reflect  .   (no cloak)
rCorr    .         Harm     .   (no gloves)
MR       .....                  (no boots)
Stlth    ..........             g - amulet of rage
HPRegen  0.13/turn              k - ring of magical power
MPRegen  0.14/turn              m - ring of protection from cold

@: no status effects
A: negative energy resistance 1, electricity resistance, unbreathing,
petrification resistance, rot immunity, AC +4
a: Evoke Berserk Rage


You were on level 4 of the Dungeon.
You were very full.

You visited 1 branch of the dungeon, and saw 4 of its levels.

You collected 171 gold pieces.

Inventory:

Hand Weapons
 a - a +1 war axe (weapon)
Armour
 b - a +0 scale mail (worn)
 B - a +0 shield (worn)
Jewellery
 g - an amulet of rage (around neck)
 h - an uncursed amulet of the gourmand
 k - a ring of magical power (left hand)
 m - a ring of protection from cold (right hand)
Wands
 e - a wand of enslavement (9)
Scrolls
 q - a scroll of identify
 s - a scroll of enchant weapon
Potions
 d - a potion of might
 f - a potion of mutation {unknown}
 j - 2 potions of curing {unknown}
 n - 2 potions of lignification {unknown}
 r - 3 potions of degeneration {unknown}
Comestibles
 c - 8 rations
 p - 12 chunks of flesh


   Skills:
 + Level 4.7 Fighting
 + Level 3.3 Axes
 + Level 4.8 Armour
 + Level 4.8 Shields


You had 5 spell levels left.
You didn't know any spells.
Your spell library was empty.

Dungeon Overview and Level Annotations

Branches:
Dungeon (4/15)
 Temple: D:4-7

Altars:
Ashenzari
Fedhas
Kikubaaqudgha
Uskayaw
Beogh

Shops:
D:4 (

Annotations:
D:4 3 runed translucent doors, hgbash's ghost, amateur GrEE


Innate Abilities, Weirdness & Mutations

You are resistant to torment.
Your stone body is resilient. (AC +4)
You are immune to poison.
You resist negative energy. (rN+)
You are resistant to electric shocks. (rElec)
You can survive without breathing.
You are immune to petrification.
You are immune to rotting.


Message History

You are too injured to fight recklessly!
You are too injured to fight recklessly!
You are too injured to fight recklessly!
You are too injured to fight recklessly!
You are too injured to fight recklessly!
You are too injured to fight recklessly!
You are too injured to fight recklessly!
You are too injured to fight recklessly!
You are too injured to fight recklessly!
You are too injured to fight recklessly!
You are too injured to fight recklessly!
You are too injured to fight recklessly!
You are too injured to fight recklessly!
You are too injured to fight recklessly!
You are too injured to fight recklessly!
Okay, then.
You slash the ogre!
The ogre is almost dead.
The ogre hits you with a +0 giant spiked club!!
You die...

#.....<.§.. '#
.##.######## #.# ...
#.# ..# #.#...# ##
#.#...##. .. ......'..
#.###.##.#...###
......O@)).....# ##
#.######)#...#.#..#..
......)))...#.#..#.###
......................
..............#..#..##.
#########..............
#...#.#........
#...#..........
########.##(#.......


You could see an ogre.

Vanquished Creatures
  A hound (D:4)
  An orc wizard (D:3)
  An iguana (D:2)
  2 worker ants (D:4)
  Robin (D:4)
  7 adders
  3 worms
  2 dart slugs
  A leopard gecko (D:1)
  7 orcs
  5 bats
  5 giant cockroaches
  14 goblins
  9 hobgoblins
  19 jackals
  A quokka (D:4)
  3 ball pythons
  4 frilled lizards
  3 kobolds
  6 rats
95 creatures vanquished.

Notes
Turn   | Place    | Note
-------+----------+-------------------------------------------
     0 | D:1      | Fang the Gargoyle Fighter began the quest for the Orb.
     0 | D:1      | Reached XP level 1. HP: 14/14 MP: 1/1
    15 | D:1      | You fall into a shaft and drop 1 floor!
    28 | D:2      | Reached XP level 2. HP: 12/19 MP: 2/2
    58 | D:2      | Reached XP level 3. HP: 16/23 MP: 3/3
   384 | D:2      | Reached XP level 4. HP: 5/29 MP: 4/4
  1487 | D:3      | Reached XP level 5. HP: 33/33 MP: 5/5
  1628 | D:3      | Noticed a -2 hand axe
  1628 | D:3      | Noticed a +0 dagger
  1632 | D:3      | Found a hide-covered altar of Uskayaw.
  1682 | D:3      | Found a shattered altar of Ashenzari.
  1911 | D:3      | Found a blossoming altar of Fedhas.
  1913 | D:3      | Found an ancient bone altar of Kikubaaqudgha.
  2262 | D:4      | Reached XP level 6. HP: 38/39 MP: 6/6
  2277 | D:4      | Found a runed translucent gate.
  2277 | D:4      | Found a runed translucent gate.
  2277 | D:4      | Found a runed translucent gate.
  2280 | D:4      | Noticed hgbash's ghost (amateur GrEE)
  2280 | D:4      | Identified the +8 hand axe of Outrage {pain, -Tele rC+ rN+}
  2283 | D:4      | Found a roughly hewn altar of Beogh.
  2384 | D:4      | Found Hemniega's Weapon Shop.
  2600 | D:4      | Noticed Robin
  2617 | D:4      | Killed Robin
  2620 | D:4      | Demolished by an ogre

Levels and vault maps discovered:
D:1:      lightli_arrival_statue_moat, layout_rooms, minmay_misc_feat_square
D:2:      layout_basic, minivault_23
D:3:      layout_basic, grunt_temple_overflow_growth_and_decay,
          dancing_weapons_uskayaw, evilmike_ruin_ashenzari, first_ration
D:4:      layout_basic, biasface_ghost_orc_armoury, serial_shops,
          nicolae_shop_statue_plus, uniq_eustachio, uniq_robin

Skill      XL: |  1  2  3  4  5 |
---------------+----------------+-----
Axes           | 2 3 |  3.3
Shields        | 4 |  4.8
Armour         | 4 |  4.8
Fighting       | 4 |  4.7

Action                   |  1- 3 |  4- 6 || total
-------------------------+-------+-------++-------
Melee: War axe           |    79 |   238 ||   317
  Use: Scroll            |       |     9 ||     9
  Eat: Chunk             |       |    22 ||    22
Armor: Scale mail        |    54 |   145 ||   199
Dodge: Dodged            |    29 |    89 ||   118
Block: Shield            |    55 |   154 ||   209
